[Event "Titled Tuesday Blitz August 1 Late 2023"]
[White "Korchmar, Vasiliy"]
[Black "Makarian, Rudik"]
[WhiteFideId "24131750"]
[BlackFideId "44105681"]
[WhiteElo "2671"]
[BlackElo "3006"]
[Result "1/2-1/2"]
[Round "5"]
[TimeControl "180+1"]
[Date "2023.08.01"]
[WhiteClock "0:00:10"]
[BlackClock "0:00:09"]
[Board "16"]

1. e4 e6 2. d4 d5 3. e5 c5 4. c3 Nc6 5. Nf3 Bd7 6. Be2 Nge7 7. Na3 cxd4 8. cxd4 Nf5 9. Nc2 Be7 10. O-O O-O 11. Bd3 f6 12. Bxf5 exf5 13. Bf4 g5 14. exf6 Bxf6 15. Be5 g4 16. Bxf6 Qxf6 17. Ne5 Nxe5 18. dxe5 Qxe5 19. Re1 Qd6 20. Ne3 Bc6 21. Qd3 Qf6 22. Nxd5 Bxd5 23. Qxd5+ Qf7 24. Qd4 Rfd8 25. Qf4 Rd5 26. Qg5+ Qg6 27. Qe7 Qf7 28. Qg5+ Qg7 29. Qxg7+ Kxg7 30. Re7+ Kg6 31. Rxb7 Rad8 32. g3 Rd2 33. Rc1 Rd1+ 34. Rxd1 Rxd1+ 35. Kg2 Rd2 36. Rxa7 Rxb2 37. a4 Ra2 38. a5 h5 39. a6 Ra1 40. Ra8 Kg7 41. a7 Kh7 42. Rf8 Rxa7 43. Rxf5 Kg6 44. Rc5 Ra1 45. h3 Rb1 46. Rc6+ Kf5 47. Rc5+ Kg6 48. Rc6+ Kf5 49. h4 Rb5 50. Rh6 Ke4 51. Rg6 Rf5 52. Rh6 Kd3 53. Re6 Kd4 54. Kf1 Kd5 55. Rg6 Ke4 56. Ke2 Re5 57. Kf1 Rf5 58. Rh6 Kf3 59. Kg1 Ke4 60. Kg2 Ke5 61. Rg6 Ke4 62. Rg8 Ra5 63. Re8+ Kf5 64. Rf8+ Kg6 65. Rf4 Ra1 66. Rc4 Rb1 67. Rc6+ Kg7 68. Rc7+ Kg6 69. Rc5 Ra1 70. Rg5+ Kh6 71. Re5 Rb1 72. Re2 Rc1 73. Rd2 Ra1 74. f3 gxf3+ 75. Kxf3 Kg6 76. Rd6+ Kg7 77. Re6 Ra3+ 78. Kf4 Ra4+ 79. Kf5 Rg4 80. Re3 Kh6 81. Re6+ Kh7 82. Re7+ Kh6 83. Re3 Kh7 84. Rf3 Kh6 85. Ke5 Kh7 86. Rf7+ Kg6 87. Rf6+ Kg7 88. Rf3 Kg6 89. Rb3 Kh7 90. Rb7+ Kh6 91. Rb6+ Kh7 92. Rb7+ Kh6 93. Rb6+ Kh7 94. Rb7+ 1/2-1/2


[Site "https://www.chess.com"]

[Event "Titled Tuesday Blitz August 1 Late 2023"]
[White "Ardelean, George-Catalin"]
[Black "Grischuk, Alexander"]
[WhiteFideId "1207091"]
[BlackFideId "4126025"]
[WhiteElo "2670"]
[BlackElo "2997"]
[Result "0-1"]
[Round "5"]
[TimeControl "180+1"]
[Date "2023.08.01"]
[WhiteClock "0:00:14"]
[BlackClock "0:00:20"]
[Board "17"]

1. e4 e6 2. d4 d5 3. exd5 exd5 4. Nf3 Nc6 5. Bb5 Bd6 6. c4 dxc4 7. d5 a6 8. Bxc4 Qe7+ 9. Be3 Ne5 10. Nxe5 Qxe5 11. Nc3 Ne7 12. Qd4 Nf5 13. Qxe5+ Bxe5 14. Bd2 Bd7 15. O-O O-O-O 16. Bd3 Rhe8 17. Rfe1 h5 18. Rab1 f6 19. Ne4 Bb5 20. Bxb5 axb5 21. Nc3 Bxc3 22. Bxc3 Rxe1+ 23. Rxe1 Rxd5 24. f3 Kd7 25. Kf2 c5 26. g4 hxg4 27. fxg4 Ne7 28. Re2 b4 29. Bd2 Ng6 30. Kg3 Rd3+ 31. Be3 Ne7 32. Rd2 Rxd2 33. Bxd2 Ke6 34. Kf3 Kd5 35. h4 Nc6 36. h5 Ne5+ 37. Kf4 Ke6 38. b3 b5 39. Kg3 Nc6 40. Kf4 Ne5 41. Kg3 Nd3 42. g5 fxg5 43. Bxg5 c4 44. Kf3 Kf5 45. Be3 c3 46. Ke2 Ke4 47. Bg5 c2 0-1


[Site "https://www.chess.com"]

[Event "Titled Tuesday Blitz August 1 Late 2023"]
[White "Annaberdiyev, Meylis"]
[Black "Martinez Alcantara, Jose Eduardo"]
[WhiteFideId "14000563"]
[BlackFideId "3805662"]
[WhiteElo "2670"]
[BlackElo "2974"]
[Result "0-1"]
[Round "5"]
[TimeControl "180+1"]
[Date "2023.08.01"]
[WhiteClock "0:00:00"]
[BlackClock "0:00:53"]
[Board "18"]

1. e4 c5 2. Nf3 d6 3. d4 cxd4 4. Qxd4 a6 5. Bc4 e6 6. Nc3 Nf6 7. Qd3 Qc7 8. Bf4 Be7 9. O-O-O O-O 10. Bb3 e5 11. Bg5 Nbd7 12. Nh4 g6 13. Bh6 Nc5 14. Qe2 Rd8 15. Bg5 Nxb3+ 16. axb3 Be6 17. Nf3 Rac8 18. Bxf6 Bxf6 19. Nd5 Bxd5 20. Rxd5 Be7 21. Kb1 b5 22. h4 h5 23. Ne1 Qd7 24. Nd3 Qe6 25. f4 Bf6 26. g3 Re8 27. Rf1 exf4 28. Nxf4 Qe7 29. Rdd1 Bg7 30. Qf2 Qe5 31. Nd3 Qe7 32. Rfe1 a5 33. Nf4 Qe5 34. Nd3 Qe7 35. Nf4 a4 36. b4 a3 37. Nd3 axb2 0-1


[Site "https://www.chess.com"]

[Event "Titled Tuesday Blitz August 1 Late 2023"]
[White "Rastbod, Ali"]
[Black "Hakobyan, Aram"]
[WhiteFideId "12567477"]
[BlackFideId "13306677"]
[WhiteElo "2664"]
[BlackElo "2925"]
[Result "0-1"]
[Round "5"]
[TimeControl "180+1"]
[Date "2023.08.01"]
[WhiteClock "0:00:00"]
[BlackClock "0:01:53"]
[Board "19"]

1. c4 g6 2. g3 Bg7 3. Bg2 d6 4. d4 Nf6 5. Nf3 Bf5 6. O-O O-O 7. Ng5 c6 8. e4 Bg4 9. f3 Bc8 10. Be3 h6 11. Nh3 e5 12. Nc3 Nbd7 13. d5 c5 14. a3 b6 15. b4 Ba6 16. Qd3 Rc8 17. Nb5 Bb7 18. Nxd6 Rb8 19. Nxb7 Rxb7 20. Nf2 Rc7 21. Rac1 Qc8 22. Rfd1 Rd8 23. f4 Ne8 24. Bh3 Qb8 25. Bxd7 Rdxd7 26. bxc5 bxc5 27. Rb1 Qd8 28. fxe5 Bxe5 29. Ng4 Bg7 30. Nxh6+ Kf8 31. Ng4 Nd6 32. Bf4 Rc8 33. Bxd6+ Rxd6 34. e5 Rb6 35. Rxb6 Qxb6 36. Rf1 Kg8 37. e6 f5 38. Nf2 Re8 39. Kg2 Bd4 40. Re1 Kg7 41. Re2 Qb7 42. Qf3 Qc7 43. Nh3 Qb8 44. Ng5 Qb1 45. Nh3 Qb8 46. Qf4 Qb3 47. Qc7+ Kh6 48. Ng5 Kxg5 49. Qf4+ Kf6 50. Qh4+ Kg7 51. d6 Qxc4 0-1


[Site "https://www.chess.com"]

[Event "Titled Tuesday Blitz August 1 Late 2023"]
[White "Bjelobrk, Igor"]
[Black "Zakhartsov, Vladimir"]
[WhiteFideId "4300726"]
[BlackFideId "4145097"]
[WhiteElo "2657"]
[BlackElo "2914"]
[Result "1-0"]
[Round "5"]
[TimeControl "180+1"]
[Date "2023.08.01"]
[WhiteClock "0:00:13"]
[BlackClock "0:00:01"]
[Board "20"]

1. d4 Nf6 2. c4 e6 3. g3 d5 4. Nf3 Bb4+ 5. Bd2 Be7 6. Bg2 O-O 7. O-O a5 8. Qc2 c6 9. Rd1 a4 10. Bg5 Nbd7 11. Nbd2 h6 12. Bxf6 Nxf6 13. e4 dxe4 14. Nxe4 Qb6 15. Ne5 Rd8 16. c5 Qc7 17. Nc4 Nd5 18. a3 b5 19. cxb6 Nxb6 20. Ne5 Bb7 21. Rac1 Nd5 22. Nc5 Rdc8 23. Nxa4 Bg5 24. Rb1 Bf6 25. Nc5 Ba6 26. Re1 Be7 27. Rbc1 Bb5 28. Bh3 Bxc5 29. Qxc5 Qb7 30. Nxf7 Kxf7 31. Bxe6+ Kf6 32. Qc2 g6 33. Bxc8 Rxc8 34. Re5 Qd7 35. Rce1 Kf7 36. a4 Ba6 37. Qc5 Rc7 38. b4 Bb7 39. Rc1 Rc8 40. a5 Nf6 41. Qc4+ Nd5 42. a6 Ba8 43. b5 Kg7 44. Rxd5 cxd5 45. Qxc8 Qxb5 46. Qxa8 Qb2 47. Qb7+ Kf6 48. Qxb2 1-0


[Site "https://www.chess.com"]

[Event "Titled Tuesday Blitz August 1 Late 2023"]
[White "Jakubowski, Krzysztof"]
[Black "Perez Ponsa, Federico"]
[WhiteFideId "1112848"]
[BlackFideId "117927"]
[WhiteElo "2652"]
[BlackElo "2874"]
[Result "0-1"]
[Round "5"]
[TimeControl "180+1"]
[Date "2023.08.01"]
[WhiteClock "0:00:00"]
[BlackClock "0:01:42"]
[Board "21"]

1. e4 c6 2. Nf3 d5 3. d3 dxe4 4. dxe4 Qxd1+ 5. Kxd1 Nf6 6. Nfd2 h5 7. a4 h4 8. a5 g5 9. Nc3 g4 10. Nc4 Be6 11. f4 gxf3 12. gxf3 Na6 13. Ne3 O-O-O+ 14. Ke1 Nb4 15. Ra4 c5 16. e5 Nh5 17. Ne4 Bh6 18. Kf2 b6 19. axb6 axb6 20. c3 Nc6 21. Ra8+ Kb7 22. Rxd8 Rxd8 23. Rg1 Nxe5 24. Bb5 Nf4 0-1


[Site "https://www.chess.com"]

[Event "Titled Tuesday Blitz August 1 Late 2023"]
[White "Hansen, Eric"]
[Black "Adewumi, Tanitoluwa"]
[WhiteFideId "2606771"]
[BlackFideId "30966396"]
[WhiteElo "2850"]
[BlackElo "2642"]
[Result "0-1"]
[Round "5"]
[TimeControl "180+1"]
[Date "2023.08.01"]
[WhiteClock "0:00:00"]
[BlackClock "0:00:05"]
[Board "22"]

1. d4 Nf6 2. c4 e6 3. Nf3 b6 4. g3 Ba6 5. b3 Bb4+ 6. Bd2 Be7 7. Bg2 c6 8. O-O d5 9. Qc2 Nbd7 10. Rc1 O-O 11. Bg5 h6 12. Bxf6 Bxf6 13. e3 Rc8 14. cxd5 cxd5 15. Nc3 Qe7 16. Qb2 Qd6 17. a4 Qb4 18. Na2 Qd6 19. Bf1 Bxf1 20. Kxf1 e5 21. Rd1 exd4 22. exd4 Rfe8 23. Nc3 a6 24. Rac1 g6 25. Ne2 Qb4 26. Nf4 Qd6 27. Rxc8 Rxc8 28. Qe2 Nb8 29. Kg2 Rc3 30. h4 Nc6 31. Qxa6 Rxb3 32. Qb7 Rb4 33. Re1 Nxd4 34. Re8+ Kg7 35. Nxd4 Bxd4 36. Re7 Qf6 37. Ne6+ Kg8 38. Re8+ Kh7 39. Nf4 Rb2 40. Qxd5 Rxf2+ 41. Kh3 Qf5+ 42. Qxf5 gxf5 43. Re7 Kg7 44. Rd7 Bc5 45. Rd5 Ra2 46. a5 Rxa5 47. Rxf5 Be3 48. Nh5+ Kf8 49. Kg4 Rxf5 50. Kxf5 b5 51. Nf6 b4 52. Nd7+ Ke7 53. Ne5 b3 54. Nc4 Bd4 55. Ke4 b2 56. Na3 Bc3 57. g4 Bf6 58. h5 Bg5 59. Kd3 Ke6 60. Kc2 Bf6 61. Nc4 Bd4 62. Na5 Kf6 63. Nc6 Be5 64. Kb1 Ke6 65. Nd8+ Kf6 66. Kc2 Bc3 67. Kb1 Ke7 68. Nb7 f6 69. Kc2 Bd4 70. Na5 Ke6 71. Nc6 Kd5 72. Ne7+ Ke4 73. Nf5 Be3 74. Nxh6 Bxh6 75. Kxb2 Kf4 0-1


[Site "https://www.chess.com"]

[Event "Titled Tuesday Blitz August 1 Late 2023"]
[White "Timerkhanov, Alexander"]
[Black "Maksimovic, Bojan"]
[WhiteFideId "24177938"]
[BlackFideId "14408120"]
[WhiteElo "2640"]
[BlackElo "2846"]
[Result "0-1"]
[Round "5"]
[TimeControl "180+1"]
[Date "2023.08.01"]
[WhiteClock "0:00:46"]
[BlackClock "0:00:42"]
[Board "23"]

1. d4 g6 2. e4 Nf6 3. Nc3 d5 4. exd5 Nxd5 5. Nxd5 Qxd5 6. c4 Qd6 7. Nf3 Bg7 8. Be3 O-O 9. Be2 Nc6 10. d5 Ne5 11. Nd4 c6 12. dxc6 Nxc6 13. Nxc6 Qxc6 14. O-O Bxb2 15. Rb1 Bg7 16. Qb3 Bf5 17. Bf3 Be4 18. Bxe4 Qxe4 19. Qxb7 Qxc4 20. Qxe7 Qxa2 21. Rb7 a5 22. h4 h5 23. Rc1 a4 24. Rcc7 a3 25. Ra7 Rxa7 26. Rxa7 Qa1+ 27. Kh2 a2 28. g3 Qb1 0-1


[Site "https://www.chess.com"]

[Event "Titled Tuesday Blitz August 1 Late 2023"]
[White "Zierk, Steven"]
[Black "Araujo Sanchez, Josue"]
[WhiteFideId "2034255"]
[BlackFideId "6416896"]
[WhiteElo "2841"]
[BlackElo "2635"]
[Result "1-0"]
[Round "5"]
[TimeControl "180+1"]
[Date "2023.08.01"]
[WhiteClock "0:02:00"]
[BlackClock "0:00:00"]
[Board "24"]

1. e4 c6 2. d4 d5 3. exd5 cxd5 4. Bd3 Nc6 5. c3 Qc7 6. Ne2 Bg4 7. O-O Bxe2 8. Qxe2 e6 9. Nd2 Bd6 10. g3 Nge7 11. f4 O-O-O 12. Nf3 Kb8 13. Bd2 Nc8 14. a4 Na5 15. b4 Nc4 16. Ne5 Nxd2 17. Qxd2 h5 18. a5 h4 19. a6 b6 20. Bb5 hxg3 21. hxg3 Bxe5 22. fxe5 Rh3 23. Kg2 Rdh8 24. Rh1 Rxh1 25. Rxh1 Rxh1 26. Kxh1 f5 27. Kg2 Qe7 28. Qc1 g5 29. Qh1 Qc7 30. Qc1 g4 31. c4 Qh7 32. Qh1 Qxh1+ 33. Kxh1 Kc7 34. cxd5 exd5 35. Kg2 Ne7 36. Kf2 Ng6 37. Ke3 Kd8 38. Bd3 Ne7 39. b5 1-0


[Site "https://www.chess.com"]

[Event "Titled Tuesday Blitz August 1 Late 2023"]
[White "Bazeev, German"]
[Black "Piesik, Piotr"]
[WhiteFideId "24119350"]
[BlackFideId "1136194"]
[WhiteElo "2826"]
[BlackElo "2619"]
[Result "0-1"]
[Round "5"]
[TimeControl "180+1"]
[Date "2023.08.01"]
[WhiteClock "0:00:05"]
[BlackClock "0:00:06"]
[Board "25"]

1. d4 c5 2. d5 e5 3. c4 d6 4. Nc3 Be7 5. e4 Bg5 6. g3 Bxc1 7. Rxc1 Ne7 8. Bg2 O-O 9. Nge2 Nd7 10. O-O f5 11. f4 a6 12. a4 Qb6 13. b3 exf4 14. Nxf4 Ne5 15. Ne6 Bxe6 16. dxe6 fxe4 17. Rxf8+ Rxf8 18. Nxe4 Nf5 19. a5 Qc7 20. Nc3 Qe7 21. Bd5 Nd4 22. Kg2 Nxe6 23. Ne4 Kh8 24. Qh5 Nd3 25. Rf1 Rxf1 26. Kxf1 Qf8+ 27. Kg1 Nd4 28. Qf7 Qxf7 29. Bxf7 Nxb3 30. Nxd6 Nxa5 31. Bd5 g6 32. Kf1 Kg7 33. Bxb7 Nxb7 34. Nxb7 Kf6 35. Ke2 Ne5 36. Nxc5 a5 37. Nb3 a4 38. Nd2 a3 39. c5 a2 40. Nb3 Ke6 41. Kd2 Kd5 42. Kc2 Kc4 43. Kb2 Nd3+ 44. Kxa2 Nxc5 45. Nd2+ Kd3 46. Nf3 Ke3 47. Ng5 h5 48. Kb2 Kf2 49. Nh7 Ne6 50. Nf6 Kg2 51. g4 h4 52. Ne4 Kxh2 53. Kc3 Kg2 54. Kd3 h3 55. Ng5 0-1


[Site "https://www.chess.com"]

[Event "Titled Tuesday Blitz August 1 Late 2023"]
[White "Jarmula, Lukasz"]
[Black "Ashraf, Artin"]
[WhiteFideId "1160664"]
[BlackFideId "22514805"]
[WhiteElo "2615"]
[BlackElo "2824"]
[Result "0-1"]
[Round "5"]
[TimeControl "180+1"]
[Date "2023.08.01"]
[WhiteClock "0:00:12"]
[BlackClock "0:00:10"]
[Board "26"]

1. b3 e5 2. Bb2 d6 3. e3 Nd7 4. Ne2 Ngf6 5. d4 g6 6. Nbc3 e4 7. Qd2 Bg7 8. O-O-O Qe7 9. Kb1 c6 10. d5 c5 11. Ng3 O-O 12. f3 exf3 13. gxf3 a6 14. f4 b5 15. Bg2 Nb6 16. e4 b4 17. Nce2 c4 18. Qxb4 Rb8 19. e5 Ng4 20. exd6 Qe3 21. Bxg7 Kxg7 22. Nd4 Qxf4 23. Nc6 Nxd5 24. Qxb8 Nc3+ 25. Kb2 Qf6 26. Rd4 Nb5 27. Ne4 Qh4 28. Rxc4 Ne3 29. d7 Bxd7 30. Qe5+ f6 31. Nxf6 Qxf6 32. Qxf6+ Rxf6 33. Rc5 Nxg2 34. Ne5 Bf5 35. a4 Nd4 36. Rc7+ Kh6 37. Nf7+ Kh5 38. Ne5 h6 39. Rd1 Nxc2 40. Rxc2 Bxc2 41. Kxc2 Ne3+ 42. Kd2 Nxd1 43. Kxd1 Rf2 0-1


[Site "https://www.chess.com"]

[Event "Titled Tuesday Blitz August 1 Late 2023"]
[White "Lamaze, Simon"]
[Black "brm72"]
[WhiteFideId "36069264"]
[WhiteElo "2808"]
[BlackElo "2613"]
[Result "1-0"]
[Round "5"]
[TimeControl "180+1"]
[Date "2023.08.01"]
[WhiteClock "0:00:25"]
[BlackClock "0:00:03"]
[Board "27"]

1. c4 c5 2. Nf3 Nc6 3. Nc3 g6 4. e3 Nf6 5. d4 cxd4 6. exd4 d5 7. cxd5 Nxd5 8. Qb3 Nxc3 9. Bc4 Nd5 10. Bxd5 e6 11. Bxc6+ bxc6 12. O-O Qd5 13. Qc2 f6 14. Re1 Kf7 15. Be3 Be7 16. Rac1 Bd7 17. Nd2 h5 18. Ne4 h4 19. Nc3 Qh5 20. h3 g5 21. f3 f5 22. Rf1 Rag8 23. Rce1 Ke8 24. d5 cxd5 25. Bd4 Rh7 26. Qb3 g4 27. fxg4 fxg4 28. Qb8+ Bd8 29. Bf6 Re7 30. Bxe7 Kxe7 31. Qb4+ Ke8 32. hxg4 Qh6 33. Nxd5 h3 34. Qf4 Qg6 35. gxh3 Rh8 36. Nf6+ Ke7 37. Qb4+ Kf7 38. Nxd7+ Kg7 39. Qd4+ Kh7 40. Nf6+ Kh6 41. g5+ Qxg5+ 42. Ng4+ Kg6 43. Qxh8 1-0


[Site "https://www.chess.com"]

[Event "Titled Tuesday Blitz August 1 Late 2023"]
[White "Grigorov, Grigor"]
[Black "Ozates, Tuna"]
[WhiteFideId "2907313"]
[BlackFideId "6354521"]
[WhiteElo "2783"]
[BlackElo "2611"]
[Result "1-0"]
[Round "5"]
[TimeControl "180+1"]
[Date "2023.08.01"]
[WhiteClock "0:00:07"]
[BlackClock "0:00:00"]
[Board "28"]

1. Nf3 c5 2. c4 Nc6 3. b3 e5 4. Bb2 d6 5. e3 g6 6. d4 exd4 7. exd4 Bg7 8. Qd2 Qf6 9. Na3 Nge7 10. O-O-O Bg4 11. dxc5 Qxb2+ 12. Qxb2 Bxb2+ 13. Kxb2 dxc5 14. Be2 a6 15. h3 Be6 16. Nc2 h6 17. Ne3 O-O 18. Nd5 Rac8 19. Rd2 Kg7 20. Rhd1 Nf5 21. Nb6 Rce8 22. Na4 Ncd4 23. Nxc5 Nxe2 24. Rxe2 Bc8 25. Rxe8 Rxe8 26. Rd2 b6 27. Na4 b5 28. cxb5 axb5 29. Nc3 b4 30. Nd5 Re4 31. g4 Ne7 32. Nxe7 Rxe7 33. Nd4 Bb7 34. Nc2 Re4 35. Ne3 Rf4 36. a3 bxa3+ 37. Kxa3 Rf3 38. h4 Rh3 39. h5 gxh5 40. gxh5 Rxh5 41. Rd7 Be4 42. Rd4 Re5 43. Nc4 Re6 44. Nd6 Bc6 45. b4 h5 46. b5 Bf3 47. b6 Re1 48. Kb2 Re2+ 49. Kc3 Rxf2 50. Rf4 h4 51. b7 Bxb7 52. Rxf2 Bd5 53. Nf5+ Kf6 54. Nxh4+ Kg5 55. Nf5 Be6 56. Nd4 Bd5 57. Kd3 f6 58. Ke3 Bf7 59. Rf5+ Kg6 60. Kf4 Be8 61. Ra5 Bd7 62. Nf5 Be6 63. Ne7+ Kf7 64. Nd5 Kg6 65. Ne3 Bd7 66. Ra6 Kf7 67. Rb6 Be6 68. Ng4 Ke7 69. Rb7+ Bd7 70. Nxf6 1-0


[Site "https://www.chess.com"]

[Event "Titled Tuesday Blitz August 1 Late 2023"]
[White "Sivakumar, Shaashwath"]
[Black "Krzyzanowski, Marcin"]
[WhiteFideId "30912156"]
[BlackFideId "1132199"]
[WhiteElo "2607"]
[BlackElo "2777"]
[Result "0-1"]
[Round "5"]
[TimeControl "180+1"]
[Date "2023.08.01"]
[WhiteClock "0:00:09"]
[BlackClock "0:00:12"]
[Board "29"]

1. d4 Nf6 2. Bf4 e6 3. e3 c5 4. c3 Nc6 5. Nf3 b6 6. Nbd2 Bb7 7. Bd3 Be7 8. Qe2 d6 9. e4 h6 10. a3 Rc8 11. h3 cxd4 12. cxd4 O-O 13. O-O Nh7 14. Rad1 Ng5 15. e5 dxe5 16. dxe5 Nd4 17. Qe3 Ndxf3+ 18. Nxf3 Nxf3+ 19. gxf3 Bc5 20. Qe2 Qh4 21. Bh2 Qxh3 22. Be4 Bxe4 23. Qxe4 Rcd8 24. b4 Bxf2+ 25. Kxf2 Qxh2+ 26. Ke3 Rc8 27. Qd4 Rc2 28. Qd3 Qxe5+ 29. Qe4 Rc3+ 30. Kf2 Qxe4 31. fxe4 Rxa3 32. Rd7 a5 33. bxa5 bxa5 34. Rc1 h5 35. Rcc7 a4 36. e5 Rb3 37. Ra7 Rb5 38. Rxa4 Rxe5 39. Raa7 Rf5+ 40. Kg3 g6 41. Kh4 Kg7 42. Rdb7 Kf6 43. Rb6 Rf4+ 44. Kg3 g5 45. Rb5 h4+ 46. Kh3 Rd8 47. Ra3 Kg6 48. Rc5 Rfd4 49. Raa5 Rd3+ 50. Kg2 h3+ 51. Kh2 R8d5 52. Rc8 Rxa5 53. Rg8+ Kf5 54. Rxg5+ Kxg5 0-1


[Site "https://www.chess.com"]

[Event "Titled Tuesday Blitz August 1 Late 2023"]
[White "Kushko, Dmitriy"]
[Black "Pinheiro, Iung Alicio de O."]
[WhiteFideId "14162261"]
[BlackFideId "2104350"]
[WhiteElo "2774"]
[BlackElo "2606"]
[Result "0-1"]
[Round "5"]
[TimeControl "180+1"]
[Date "2023.08.01"]
[WhiteClock "0:00:00"]
[BlackClock "0:00:05"]
[Board "30"]

1. Nf3 d5 2. g3 c6 3. Bg2 Nf6 4. O-O Bf5 5. c4 e6 6. Qb3 Qb6 7. d3 Nbd7 8. cxd5 exd5 9. Qc2 Be7 10. Nc3 O-O 11. e4 dxe4 12. dxe4 Bg4 13. h3 Bh5 14. Nh4 Ne5 15. Be3 Qa5 16. Nf5 Bc5 17. Nd5 Bxe3 18. Nxf6+ gxf6 19. Nxe3 Nf3+ 20. Kh1 Nd4 21. Qc3 Qxc3 22. bxc3 Nb5 23. f4 Be2 24. Rf2 Bd3 25. Rd2 Bxe4 26. Bxe4 Rae8 27. Ng4 Kg7 28. Bf3 h5 29. Nf2 Nxc3 30. Bxh5 f5 31. Rc1 Re3 32. Rd3 Rxd3 33. Nxd3 Ne4 34. Kg2 Rd8 35. Be2 Rd4 36. Rc2 b6 37. Nf2 Nc5 38. Bf3 Rd6 39. g4 Ne6 40. Kg3 c5 41. g5 Nd4 42. Rd2 f6 43. h4 c4 44. Nd1 b5 45. a3 a5 46. h5 b4 47. axb4 axb4 48. h6+ Kg6 49. Ne3 c3 50. Rh2 fxg5 51. fxg5 Rd8 52. Nd5 Kxg5 53. Rh5+ Kg6 54. Nf4+ Kh7 55. Rg5 c2 56. Rg7+ Kxh6 57. Rg6+ Kh7 0-1


[Site "https://www.chess.com"]

[Event "Titled Tuesday Blitz August 1 Late 2023"]
[White "Mahdavi, Reza"]
[Black "Ganiev, Roman"]
[WhiteFideId "12595926"]
[BlackFideId "4131452"]
[WhiteElo "2769"]
[BlackElo "2592"]
[Result "0-1"]
[Round "5"]
[TimeControl "180+1"]
[Date "2023.08.01"]
[WhiteClock "0:00:00"]
[BlackClock "0:00:03"]
[Board "31"]

1. e4 c5 2. Nf3 d6 3. d4 cxd4 4. Qxd4 Nf6 5. Bg5 Nc6 6. Bb5 Bd7 7. Bxc6 Bxc6 8. Nc3 e6 9. O-O-O Be7 10. Qd3 O-O 11. Nd4 Rc8 12. f3 a6 13. Kb1 b5 14. h4 Bd7 15. g4 Qc7 16. h5 Qc4 17. Qd2 b4 18. Nce2 e5 19. b3 Qc5 20. Nf5 Bxf5 21. gxf5 d5 22. Ng3 Rfd8 23. Qe2 a5 24. Bc1 a4 25. Bb2 axb3 26. axb3 d4 27. h6 g6 28. fxg6 fxg6 29. Rh2 Ra8 30. Rf1 Rdc8 31. f4 Qa5 32. fxe5 Nd5 33. Qg4 Qa2+ 34. Kc1 Nc7 35. Nf5 Bf8 36. Ng7 d3 37. Rhf2 dxc2 38. e6 Qxb3 0-1


[Site "https://www.chess.com"]

[Event "Titled Tuesday Blitz August 1 Late 2023"]
[White "Tologon tegin, Semetei"]
[Black "Elsa167"]
[WhiteFideId "13800574"]
[WhiteElo "2602"]
[BlackElo "2768"]
[Result "1/2-1/2"]
[Round "5"]
[TimeControl "180+1"]
[Date "2023.08.01"]
[WhiteClock "0:00:13"]
[BlackClock "0:00:05"]
[Board "32"]

1. e4 c5 2. Nf3 e6 3. d4 cxd4 4. Nxd4 Nf6 5. Nc3 Nc6 6. Nxc6 bxc6 7. e5 Nd5 8. Ne4 Qc7 9. f4 Rb8 10. a3 Be7 11. c4 O-O 12. cxd5 cxd5 13. Nc3 f6 14. exf6 Bxf6 15. Bd2 Rxb2 16. Rc1 Qb7 17. Bd3 Rb3 18. Qc2 d4 19. Ne4 Rb2 20. Nxf6+ gxf6 21. Bxh7+ Kh8 22. Qg6 d6 23. Qh6 Qg7 24. Qxg7+ Kxg7 25. Rc7+ Kh8 26. Rf1 f5 27. Rf3 Rb7 28. Rxb7 Bxb7 29. Rh3 Kg7 30. Bb4 Rh8 31. Bxf5 exf5 32. Rxh8 Kxh8 33. Kf2 d3 34. h3 Kg7 35. g4 Kg6 36. Kg3 Be4 37. Kf2 d5 38. Bc3 a6 39. Bd2 d4 40. Bb4 Bc6 41. Bd2 Bd7 42. Kg3 Bc6 43. Kh4 Bf3 44. Kg3 Be2 45. Kh4 Bf1 46. Kg3 Be2 47. Kh4 Bf1 48. Kg3 Kf6 49. h4 fxg4 50. Kxg4 Be2+ 51. Kg3 Kf5 52. Bc1 Ke4 53. Bd2 Bh5 54. Kf2 Kf5 55. Kg3 Bf7 56. Bc1 Ke4 57. Bd2 Bh5 58. Kf2 Bg4 59. Kg3 Kf5 60. Kf2 Bh5 61. Kg3 Ke4 1/2-1/2


[Site "https://www.chess.com"]

[Event "Titled Tuesday Blitz August 1 Late 2023"]
[White "Weetik, Vjacheslav"]
[Black "Domingo Nunez, Ruben"]
[WhiteFideId "4153472"]
[BlackFideId "22245570"]
[WhiteElo "2760"]
[BlackElo "2574"]
[Result "1-0"]
[Round "5"]
[TimeControl "180+1"]
[Date "2023.08.01"]
[WhiteClock "0:00:52"]
[BlackClock "0:00:02"]
[Board "33"]

1. d4 g6 2. e4 Bg7 3. Nc3 c6 4. Bc4 d5 5. exd5 b5 6. Be2 b4 7. Na4 cxd5 8. Nf3 Bg4 9. O-O Nf6 10. a3 bxa3 11. b3 O-O 12. Bxa3 Nc6 13. h3 Bxf3 14. Bxf3 Re8 15. Bb2 e6 16. Nc5 Nd7 17. Na6 Qb6 18. c3 Bf8 19. b4 Bg7 20. Bc1 Ncb8 21. Be2 Rc8 22. Nc5 a5 23. Bf4 Ra7 24. Qa4 Nxc5 25. bxc5 Qd8 26. Rfb1 e5 27. Be3 f5 28. Rb6 f4 29. Bd2 Rac7 30. Bg4 exd4 31. cxd4 Nd7 32. Rd6 1-0


[Site "https://www.chess.com"]

[Event "Titled Tuesday Blitz August 1 Late 2023"]
[White "Taboas Rodriguez, Daniel"]
[Black "Volovich, Vasily"]
[WhiteFideId "2208466"]
[BlackFideId "34169676"]
[WhiteElo "2574"]
[BlackElo "2743"]
[Result "0-1"]
[Round "5"]
[TimeControl "180+1"]
[Date "2023.08.01"]
[WhiteClock "0:00:00"]
[BlackClock "0:00:23"]
[Board "34"]

1. d4 Nf6 2. Nf3 e6 3. c4 d5 4. Nc3 Bb4 5. e3 O-O 6. a3 Bxc3+ 7. bxc3 c5 8. Bd3 dxc4 9. Bxc4 b6 10. O-O Ba6 11. Bxa6 Nxa6 12. Qe2 Nb8 13. a4 Qc7 14. Ba3 Nbd7 15. Rfb1 Rfd8 16. a5 Rac8 17. Qa6 Nd5 18. axb6 axb6 19. c4 Nb8 20. Qa8 Nc6 21. Qxc8 Rxc8 22. cxd5 exd5 23. dxc5 bxc5 24. Bxc5 f6 25. h3 Ne5 26. Nxe5 fxe5 27. Bb6 Qf7 28. Rd1 h6 29. Rd2 Rc6 30. Ba5 Ra6 31. Rda2 d4 32. exd4 exd4 33. Ra3 Qc4 34. Bd2 Rxa3 35. Rxa3 Qe2 36. Ra2 d3 37. g3 Kh7 38. Kg2 Qe4+ 39. Kg1 Qc4 40. Rb2 Qd4 41. Ra2 Qd5 42. Rb2 Qe5 43. Ra2 Qe6 44. Ra3 Qe2 45. Ra2 Qd1+ 46. Kg2 Qb1 47. Ra7 Qc2 48. Be3 d2 49. Bxd2 Qxd2 50. Re7 Qd5+ 51. Kg1 Qf5 52. h4 Qh3 53. Re3 Kg6 54. Re1 Kf5 55. Re3 g5 56. hxg5 hxg5 57. Re1 Qh8 58. Re3 Kg4 59. Re1 Kh3 60. Kf1 Kh2 0-1


[Site "https://www.chess.com"]

[Event "Titled Tuesday Blitz August 1 Late 2023"]
[White "Tsaruk, Maksim"]
[Black "Musovic, Armin"]
[WhiteFideId "13511173"]
[BlackFideId "939935"]
[WhiteElo "2741"]
[BlackElo "2571"]
[Result "1-0"]
[Round "5"]
[TimeControl "180+1"]
[Date "2023.08.01"]
[WhiteClock "0:00:06"]
[BlackClock "0:00:37"]
[Board "35"]

1. e4 c6 2. Nf3 d5 3. Nc3 g6 4. h3 Bg7 5. d4 dxe4 6. Nxe4 Nf6 7. Bd3 Na6 8. O-O Nb4 9. Nxf6+ exf6 10. Re1+ Be6 11. Bc4 Nd5 12. a4 O-O 13. Bf1 a5 14. c3 Re8 15. Bd2 Bf8 16. Qc1 Rc8 17. Bh6 Bd6 18. Nd2 Bb8 19. Ne4 Qc7 20. g3 Qd8 21. Bg2 b6 22. Qd1 Bf5 23. Qf3 Bxe4 24. Rxe4 f5 25. Re2 Rxe2 26. Qxe2 Qe7 27. Qxe7 Nxe7 28. Re1 Bd6 29. Bg5 Kf8 30. g4 fxg4 31. hxg4 Ng8 32. d5 c5 33. c4 Kg7 34. Bd2 Kf8 35. Bc3 Rc7 36. Be4 Re7 37. Kg2 Re8 38. g5 Re7 39. Kh3 h5 40. gxh6 f5 41. Bg7+ Kf7 42. f3 Bf4 43. d6 Bxd6 44. Bd5+ Ke8 45. Rxe7+ Nxe7 46. h7 Kd7 47. h8=Q g5 48. Qa8 Bc7 49. Qb7 Kd6 50. Be5+ Kxe5 51. Qxc7+ Kf6 52. Qd6+ Kg7 53. Qxe7+ Kh6 54. Qf8+ Kh5 55. Bf7# 1-0


[Site "https://www.chess.com"]

[Event "Titled Tuesday Blitz August 1 Late 2023"]
[White "Matinian, Nikita"]
[Black "Vlassov, Nikolai"]
[WhiteFideId "24129100"]
[BlackFideId "4103360"]
[WhiteElo "2733"]
[BlackElo "2563"]
[Result "0-1"]
[Round "5"]
[TimeControl "180+1"]
[Date "2023.08.01"]
[WhiteClock "0:00:20"]
[BlackClock "0:01:38"]
[Board "36"]

1. e4 Nc6 2. Nf3 d5 3. exd5 Qxd5 4. Nc3 Qa5 5. d4 Bg4 6. Bb5 O-O-O 7. Bxc6 bxc6 8. Qd3 c5 9. d5 e6 10. O-O c4 11. Qxc4 Bxf3 12. gxf3 exd5 13. Qg4+ Kb7 14. Rd1 Nf6 15. Qf5 Bb4 16. Bg5 d4 17. Nb5 Rd5 18. Qf4 Qxb5 19. Bxf6 gxf6 20. c4 Rg5+ 21. Kh1 Qf5 22. Rxd4 Qxf4 23. Rxf4 f5 24. a3 Bc5 25. Rf1 Rhg8 26. h4 Rh5 27. Rg1 Rg6 28. b4 Bxf2 29. Rxg6 hxg6 30. Kg2 Be3 0-1


[Site "https://www.chess.com"]